 Dungeon Crawl Stone Soup version 0.18-a0-1347-gb9e2fb4 (webtiles) character file.

154 M4edhros the Insei (level 5, -4/41 HPs)
             Began as a Mummy Monk on Feb 17, 2016.
             Slain by a gnoll (7 damage)
             ... on level 3 of the Dungeon.
             The game lasted 00:06:16 (5613 turns).

M4edhros the Insei (Mummy Monk)                     Turns: 5613, Time: 00:06:16

Health: -4/41      AC:  1    Str: 14    XL:     5   Next: 13%
Magic:  5/5        EV: 13    Int: 10    God:
Gold:   174        SH:  0    Dex: 15    Spells: 0 memorised, 4 levels left

rFire  x . .     SeeInvis .       - Unarmed
rCold  + . .     Gourm    .     (no armour)
rNeg   + + +     Faith    .     (no shield)
rPois  ∞         Spirit   .     i - +0 hat
rElec  .         Dismiss  .     n - +0 cloak
rCorr  .         Reflect  .     (no gloves)
SustAt .         Harm     .     (no boots)
MR     .....                    (no amulet)
Stlth  ++........               (no ring)
                                (no ring)

@: not resistant to hostile enchantments, unstealthy
A: no food or potions, fire vulnerability, cold resistance 1, negative energy
resistance 3, torment resistance, unbreathing
a: no special abilities


You were on level 3 of the Dungeon.
You were not hungry.

You visited 1 branch of the dungeon, and saw 3 of its levels.

You collected 174 gold pieces.

Inventory:

Missiles
 a - 76 arrows (quivered)
Armour
 i - a +0 hat (worn)
 n - a +0 cloak (worn)
Jewellery
 h - an uncursed amulet of magic regeneration {unknown}
Wands
 e - a wand of lightning (7/15)
 j - a wand of lightning (7/15)
Scrolls
 b - 4 scrolls of remove curse {unknown}
 c - 2 scrolls of identify {unknown}
 d - a scroll of enchant armour {unknown}
 k - 3 scrolls of fear {unknown}
 l - 2 scrolls of teleportation {unknown}
 m - a scroll of fog {unknown}
Comestibles
 f - a fruit
 g - 2 bread rations


   Skills:
 - Level 3.0 Fighting
 - Level 2.4 Dodging
 + Level 3.2 Stealth
 * Level 4.6 Unarmed Combat


You had 4 spell levels left.
You didn't know any spells.

Dungeon Overview and Level Annotations

Branches:
Dungeon (3/15)

Altars:
Vehumet

Annotations:
D:3 exclusion: orc wizard


Innate Abilities, Weirdness & Mutations

You do not eat or drink.
Your flesh is vulnerable to fire.
You are immune to poison.
Your flesh is cold resistant.
You are immune to negative energy.
You are immune to unholy pain and torment.
You can survive without breathing.


Message History

The gnoll hits you. The gnoll closely misses you.
You closely miss the giant gecko. The giant gecko barely misses you.
The gnoll hits you.
You barely miss the giant gecko. The giant gecko closely misses you.
The gnoll hits you.
You closely miss the giant gecko. The orc misses you.
The giant gecko closely misses you. The gnoll hits you.
* * * LOW HITPOINT WARNING * * *
You closely miss the giant gecko. The giant gecko closely misses you.
The orc barely misses you.
Read which item? (? for menu, Esc to quit)
Okay, then.
You miss the giant gecko. The giant gecko barely misses you.
The gnoll completely misses you.
The orc hits you from afar with a trident of venom.
* * * LOW HITPOINT WARNING * * *
You completely miss the giant gecko. The giant gecko barely misses you.
The gnoll hits you!
You die...

#.##.#.# #.#.##..##.#.#.#...#
#.##.#.# #.#.##..##.#.#......
#.##.#.###.#.##..##.#.#.#....
#...................#).....##
#.##.#.#####.########.#.#..##
#.##.#.# #.# #........)>
#.##.#.# #.# #.#......##
#......# #l# #.#.#.#..#
#.###### #@# #.#.#.#(.#
#####.##########g# #......<.#
#............o.o.# #.#.###..#
#####.############ #.#.# #..#
#.# #o#.# #..# #o#
#.#)###..## #.#
###############..........
#.###........................
#...o........................


You could see a gnoll, an orc and a giant gecko.

Vanquished Creatures
  4 adders
  2 gnolls
  2 oozes
  3 worms
  4 giant geckos
  8 orcs
  2 giant cockroaches
  7 goblins
  4 hobgoblins
  7 jackals
  11 kobolds
  A quokka (D:2)
  5 bats
  3 giant newts (D:2)
  6 rats
69 creatures vanquished.

Notes
Turn   | Place    | Note
--------------------------------------------------------------
     0 | D:1      | M4edhros the Mummy Monk began the quest for the Orb.
     0 | D:1      | Reached XP level 1. HP: 18/18 MP: 1/1
   255 | D:1      | Reached XP level 2. HP: 20/24 MP: 2/2
  1727 | D:2      | Reached XP level 3. HP: 7/29 MP: 3/3
  2155 | D:2      | Reached skill level 4 in Unarmed Combat
  2964 | D:2      | Reached XP level 4. HP: 30/35 MP: 4/4
  3626 | D:2      | Found a radiant altar of Vehumet.
  5501 | D:2      | Reached XP level 5. HP: 41/41 MP: 5/5
  5613 | D:3      | Slain by a gnoll

Vault maps used:
D:1:      arrival_zaba_pyramid
D:2:      vehumet_crystals, first_bread, grunt_decor_one_mirror,
          eino_tiny_chamber, due_unseen_surprise, uniq_crazy_yiuf_cottage

Action                   |  1- 3 |  4- 6 || total
-------------------------+-------+-------++-------
Melee: Unarmed           |   137 |   169 ||   306
 Stab: Sleeping          |     6 |     1 ||     7
